 Dungeon Crawl Stone Soup version 0.30-a0-782-ge64f9170bb (webtiles) character file.

Game seed: 322923122122837675

16030 KleinerIrrer the Frost Mage (level 12, -4/96 HPs)
             Began as a Demonspawn Ice Elementalist on Feb 20, 2023.
             Was an Initiate of Gozag.
             Slain by a very large slime creature (26 damage)
             ... on level 11 of the Dungeon on Feb 22, 2023.
             The game lasted 01:01:05 (16059 turns).

KleinerIrrer the Frost Mage (DsIE)                 Turns: 16059, Time: 01:01:06

Health: -4/96      AC: 16    Str: 10    XL:     12   Next: 6%
Magic:  24/25      EV: 11    Int: 21    God:    Gozag
Gold:   1318       SH:  0    Dex:  8    Spells: 14/30 levels left

rFire   . . .      SeeInvis +    e - +1 dagger (protect)
rCold   . . .      Faith    .    (no shield)
rNeg    + . .      Spirit   .    x - +0 robe {rN+}
rPois   +          Reflect  .    f - +0 helmet
rElec   .          Harm     .    O - +1 cloak "Makiujiu" {rCorr Dex-5 SInv Stlth-}
rCorr   +          Rampage  .    p - +0 pair of gloves
Will    .....                    Q - +2 pair of boots Stlth
                                 (no amulet)
HPRegen 0.36/turn                U - +4 ring of protection
MPRegen 0.38/turn                u - ring of poison resistance

@: no status effects
A: claws 1, icy blue scales 2, powered by death 1, magic regeneration
a: Renounce Religion, Potion Petition, Call Merchant, Bribe Branch


You were on level 11 of the Dungeon.
You worshipped Gozag.
Gozag was most pleased with you.
You visited 4 branches of the dungeon, and saw 17 of its levels.
You also visited: Sewer.

You collected 3646 gold pieces.
You spent 570 gold pieces at shops.
You paid 1758 gold pieces to Gozag.

Inventory:

Hand Weapons
 e - a +1 dagger of protection (weapon)
 z - a +1 dagger of draining
 A - the +1 spear of an ossuary {flame, Stlth+}
   (You found it on level 11 of the Dungeon)

   Stlth:     It makes you more stealthy.
 L - a +1 dagger of venom
Missiles
 c - 6 atropa-tipped darts
 o - 7 throwing nets
 w - 4 silver javelins (quivered)
 H - 45 poisoned darts
 N - 3 boomerangs of dispersal
 S - a javelin
Armour
 f - a +0 helmet (worn)
 k - a +0 leather armour
 p - a +0 pair of gloves (worn)
 x - a +0 robe of positive energy (worn)
 D - a +2 cloak
 O - the +1 cloak "Makiujiu" (worn) {rCorr Dex-5 SInv Stlth-}
   (You bought it in a shop on level 9 of the Dungeon)

   Dex:       It affects your dexterity (-5).
   SInv:      It lets you see invisible.
   rCorr:     It protects you from acid and corrosion.
   Stlth:     It makes you less stealthy.
 Q - a +2 pair of boots (worn)
Jewellery
 a - a ring of wizardry
 d - a +5 ring of evasion
 h - a ring of flight
 q - a ring of fire
 u - a ring of poison resistance (right hand)
 P - a ring of protection from fire
 U - a +4 ring of protection (left hand)
 V - a ring of positive energy
 X - a +5 ring of evasion
Wands
 n - a wand of flame (32)
 y - a wand of polymorph (14)
 R - a wand of charming (5)
 T - a wand of roots (7)
Scrolls
 g - 4 scrolls of enchant weapon
 j - 3 scrolls of magic mapping
 m - a scroll of identify
 s - a scroll of fog
 C - 2 scrolls of teleportation
 G - 2 scrolls of amnesia
 J - a scroll of torment
 K - a scroll of noise
Potions
 b - 2 potions of magic
 i - 3 potions of lignification
 l - 2 potions of mutation
 t - 2 potions of resistance
 v - a potion of ambrosia {unknown}
 B - 3 potions of might
 E - a potion of haste
 F - 2 potions of flight
 W - a potion of berserk rage {unknown}
 Y - a potion of invisibility


   Skills:
 + Level 9.4 Fighting
 - Level 1.7 Dodging
 - Level 1.7 Stealth
 + Level 9.6 Spellcasting
 * Level 13.5 Ice Magic


You had 14 spell levels left.
You knew the following spells:

 Your Spells              Type           Power      Damage    Failure   Level
a - Freeze                Ice            100%       1d10      1%          1
b - Frozen Ramparts       Ice            100%       1d16      1%          3
c - Ozocubu's Armour      Ice            61%        N/A       1%          3
d - Hailstorm             Conj/Ice       38%        3d9       1%          3
e - Summon Ice Beast      Ice/Summ       38%        N/A       4%          4
f - Ensorcelled Hibernat  Hex/Ice        76%        N/A       1%          2

Your spell library contained the following spells:

 Spells                   Type           Power      Damage    Failure   Level
 Ice Form                 Ice/Tmut       38%        N/A       4%          4
 Apportation              Tloc           20%        N/A       7%          1
 Foxfire                  Conj/Fire      40%        2x1d6     7%          1
 Magic Dart               Conj           40%        1d5       7%          1
 Necrotise                Necr           40%        1d6       7%          1
 Shock                    Conj/Air       40%        1d5       7%          1
 Summon Small Mammal      Summ           40%        N/A       7%          1
 Blink                    Tloc           20%        N/A       11%         2
 Passwall                 Tmut/Erth      8%         N/A       11%         2
 Searing Ray              Conj           20%        2d5       11%         2
 Swiftness                Air            10%        N/A       21%         3
 Tukima's Dance           Hex            10%        N/A       21%         3
 Airstrike                Air            5%         2d(1-17)  56%         4
 Fulminant Prism          Conj/Hex       5%         3d7       56%         4
 Manifold Assault         Tloc           10%        N/A       56%         4
 Passage of Golubria      Tloc           10%        N/A       56%         4
 Fireball                 Conj/Fire      5%         3d5       88%         5
 Yara's Violent Unravell  Hex/Tmut       5%         3d4       88%         5
 Starburst                Conj/Fire      5%         6d4       100%        6
 Storm Form               Tmut/Air       5%         N/A       100%        7
 Simulacrum               Ice/Necr       Unusable   N/A       N/A         6

Dungeon Overview and Level Annotations

Branches:
Dungeon (12/15)            Temple (1/1) D:7            Lair (2/5) D:10
    Orc (2/2) D:10          Sewer (visited)
  Swamp: Lair:2-3    Shoals: Lair:2-3     Snake: Lair:2-3    Spider: Lair:2-3
    Elf: Orc:2

Altars:
Ashenzari
Cheibriados
Dithmenos
Fedhas
Gozag
Hepliaklqana
Kikubaaqudgha
Makhleb
Nemelex Xobeh
Okawaru
Qazlal
Ru
Sif Muna
Trog
Uskayaw
Vehumet
Wu Jian
Xom
Yredelemnul

Shops:
D:1 =   D:9 *   D:10 :   Orc:1 (

Portals:
Ice
Cave: Lair:2

Annotations:
Lair:1 1 runed translucent door, exclusion: oklob plant, Xief's ghost, journeyman DsCA
Lair:2 Sonja


Innate Abilities, Weirdness & Mutations

You have sharp fingernails.
You are mostly covered in icy blue scales. (AC +3)
You regenerate a little health from kills.
You regenerate magic rapidly.


Message History

The wall freezes the slime creature!
Casting: Frozen Ramparts (safe; 1% risk of failure)
Confirm with . or Enter, or press ? or * to list all spells.
A film of ice covers your body!
The wall freezes the slime creature!
The slime creature closely misses you.
The wall freezes the slime creature!
The slime creature misses you.
Two slime creatures merge to form a large slime creature.
The wall freezes the slime creature.
The slime creature hits you but does no damage.
Two slime creatures merge to form a very large slime creature.
Your icy armour and frozen ramparts will break if you move.
Continue?
The slime creature hits you!
The wall freezes the slime creature!
The slime creature hits you but does no damage.
The frozen ramparts melt away.
You climb upwards.
Your icy armour cracks and falls away as you move.
There is a stone staircase leading down here.
The slime creature attacks as you move away!
The slime creature hits you. The slime creature barely misses you.
The very large slime creature attacks as you move away!
The very large slime creature hits you!
The slime creature attacks as you move away!
The slime creature hits you but does no damage.
The slime creature attacks as you move away!
The slime creature hits you but does no damage.
The slime creature attacks as you move away!
The slime creature closely misses you.
The slime creature attacks as you move away!
The slime creature hits you but does no damage.
The very large slime creature attacks as you move away!
The very large slime creature closely misses you.
The slime creature barely misses you.
Two slime creatures merge to form a large slime creature.
The very large slime creature attacks as you move away!
The very large slime creature hits you!!!
Ouch! That really hurt!
* * * LOW HITPOINT WARNING * * *
The very large slime creature attacks as you move away!
The very large slime creature hits you!!
You die...
Your body crumbles into a pile of gold.

.#..# #...# #..# #.............##
.#..# #...# #..# #.............##
.#..# #...# #..# #.............##
.#..# #...# #..# #.............##
.#..# #...# #..# #.....>.......##
.#..# #...# #..# #.............##
.#..# #...# #..###.........<...##
.#..###...###.....J............##
................@J...............
#################################


You could see a very large slime creature and a large slime creature.

Vanquished Creatures
  A two-headed ogre (D:9)
  An orc sorcerer (Orc:1)
  A cane toad (Lair:1)
  A komodo dragon (Lair:1)
  4 trolls
  A hornet (D:7)
  Sigmund (D:2)
  A shadow (D:11)
  A wraith (D:11)
  27 yaks
  2 wyverns
  A steam dragon (D:9)
  2 vampires
  A basilisk (Lair:1)
  An acid dragon (D:11)
  Edmund (D:5)
  4 water moccasins
  Duvessa (D:4)
  4 ice beasts
  2 sky beasts (D:7)
  6 orc warriors
  A black bear (D:7)
  8 ogres
  9 centaurs
  12 wolves
  3 kobold brigands
  5 bullfrogs
  2 scorpions (D:5)
  5 wights
  Dowan (D:4)
  4 killer bees (D:9)
  An electric eel (D:10)
  3 howler monkeys (D:10)
  2 jellies (D:5)
  6 orc priests
  7 hounds
  2 gnoll boudas
  2 iguanas
  Natasha (thrice) (D:3)
  10 orc wizards
  A hell rat (Lair:2)
  Robin (D:2)
  11 gnolls
  3 adders
  7 river rats (Lair:2)
  A white imp (D:5)
  2 ufetubi
  6 worms
  6 dart slugs
  55 orcs
  5 ball pythons
  6 bats
  7 endoplasms
  A giant cockroach (D:4)
  20 goblins
  10 hobgoblins
  8 quokkas
  3 training dummies (Orc:1)
  3 frilled lizards
  15 kobolds
  8 rats
329 creatures vanquished.

Vanquished Creatures (collateral kills)
  A two-headed ogre (D:8)
  A shadow (D:10)
  An ice beast (D:6)
  A centaur (D:8)
  A nameless horror (D:5)
  A bullfrog (Lair:1)
  4 wights (D:7)
  3 electric eels
  An orc wizard (Orc:1)
  A shadow imp (D:6)
  A white imp (D:6)
  2 orcs (Orc:1)
18 creatures vanquished.

Vanquished Creatures (others)
  64 plants
64 creatures vanquished.

Grand Total: 411 creatures vanquished

Notes
Turn   | Place    | Note
-------+----------+-------------------------------------------
     0 | D:1      | KleinerIrrer the Demonspawn Ice Elementalist began the
                  | quest for the Orb.
     0 | D:1      | Reached XP level 1. HP: 13/13 MP: 3/3
   267 | D:1      | Gained mutation: You regenerate a little health from kills.
                  | [demonic ancestry]
   267 | D:1      | Reached XP level 2. HP: 19/19 MP: 0/5
   328 | D:1      | Reached skill level 4 in Ice Magic
   477 | D:1      | Found Kibroob's Jewellery Shop.
   956 | D:1      | Reached XP level 3. HP: 24/24 MP: 4/6
   960 | D:1      | Learned a level 3 spell: Frozen Ramparts
  1884 | D:2      | Learned a level 3 spell: Ozocubu's Armour
  2114 | D:2      | Reached XP level 4. HP: 30/30 MP: 6/8
  2202 | D:2      | Noticed Robin
  2218 | D:2      | Killed Robin
  2340 | D:2      | Found a faded altar of an unknown god.
  2408 | D:2      | Noticed Sigmund
  2427 | D:2      | Killed Sigmund
  2428 | D:2      | Reached skill level 5 in Ice Magic
  2428 | D:2      | Reached XP level 5. HP: 31/35 MP: 1/10
  2766 | D:3      | Noticed Natasha
  2803 | D:3      | Killed Natasha
  2804 | D:3      | Gained mutation: You regenerate magic rapidly. [demonic
                  | ancestry]
  2804 | D:3      | Reached XP level 6. HP: 41/41 MP: 5/11
  2819 | D:3      | Found a glowing drain.
  2851 | Sewer    | Entered a sewer
  2908 | Sewer    | Noticed a water moccasin
  2915 | Sewer    | Killed a water moccasin
  2916 | Sewer    | Reached skill level 6 in Ice Magic
  3078 | D:3      | Noticed Natasha
  3084 | D:3      | Killed Natasha
  3124 | D:3      | Learned a level 3 spell: Hailstorm
  3203 | D:3      | Found a radiant altar of Vehumet.
  3209 | D:3      | Found a basalt altar of Yredelemnul.
  3336 | D:3      | Found a basalt altar of Yredelemnul.
  3343 | D:3      | Noticed Natasha
  3471 | D:3      | Killed Natasha
  3856 | D:4      | Reached skill level 1 in Fighting
  3868 | D:4      | Reached XP level 7. HP: 48/48 MP: 9/13
  4015 | D:4      | Noticed Duvessa
  4016 | D:4      | Noticed Dowan
  4026 | D:4      | Killed Duvessa
  4029 | D:4      | Killed Dowan
  4087 | D:4      | Found a broken altar of Ashenzari.
  4113 | D:4      | Reached skill level 7 in Ice Magic
  4180 | D:4      | Found a shimmering altar of Xom.
  4655 | D:5      | Entered Level 5 of the Dungeon
  4778 | D:5      | Found an ornate altar of the Wu Jian Council.
  4787 | D:5      | Gained mutation: You are partially covered in icy blue
                  | scales. (AC +2) [demonic ancestry]
  4787 | D:5      | Reached XP level 8. HP: 57/57 MP: 7/15
  4825 | D:5      | Reached skill level 5 in Spellcasting
  4979 | D:4      | Learned a level 4 spell: Summon Ice Beast
  5011 | D:5      | Reached skill level 8 in Ice Magic
  5012 | D:5      | Noticed Edmund
  5032 | D:5      | Killed Edmund
  6017 | D:6      | Reached XP level 9. HP: 52/66 MP: 9/18
  6188 | D:6      | Reached skill level 9 in Ice Magic
  7135 | D:7      | Reached skill level 5 in Fighting
  7194 | D:7      | Found an iron altar of Okawaru.
  7854 | D:6      | Reached skill level 10 in Ice Magic
  8019 | D:7      | Found a staircase to the Ecumenical Temple.
  8028 | Temple   | Entered the Ecumenical Temple
  8119 | Temple   | Became a worshipper of Gozag Ym Sagoz the Greedy
  8948 | D:8      | Gained mutation: You are mostly covered in icy blue scales.
                  | (AC +3) [demonic ancestry]
  8948 | D:8      | Reached XP level 10. HP: 49/69 MP: 13/20
  9088 | D:8      | Noticed a two-headed ogre
  9106 | D:8      | Killed a two-headed ogre
  9444 | D:8      | Found a burning altar of Makhleb.
  9479 | D:9      | Found a sparkling altar of Nemelex Xobeh.
  9500 | D:9      | Noticed a two-headed ogre
  9506 | D:9      | Killed a two-headed ogre
  9507 | D:9      | Reached skill level 11 in Ice Magic
 10301 | D:10     | Entered Level 10 of the Dungeon
 10518 | D:10     | Reached XP level 11. HP: 62/85 MP: 19/23
 10586 | D:9      | Bought the +1 cloak "Makiujiu" {rCorr Dex-5 SInv Stlth-}
                  | for 230 gold pieces
 10605 | D:10     | Reached skill level 12 in Ice Magic
 10840 | D:10     | Noticed an angel
 11039 | D:10     | Found a bloodstained altar of Trog.
 11060 | D:10     | Found a staircase to the Lair.
 11153 | D:10     | Found a blossoming altar of Fedhas.
 11703 | D:10     | Found a staircase to the Orcish Mines.
 11950 | Lair:1   | Entered Level 1 of the Lair of Beasts
 12161 | Lair:1   | Noticed an oklob plant
 12291 | Lair:1   | Found a runed translucent door.
 12291 | Lair:1   | Found a shimmering altar of Xom.
 12291 | Lair:1   | Noticed Xief's ghost (journeyman DsCA)
 12291 | Lair:1   | Noticed a +0 flail of chaos
 12968 | Lair:1   | You fall into a shaft and drop 1 floor!
 12976 | Lair:2   | Reached skill level 13 in Ice Magic
 13098 | Lair:2   | Found a frozen archway.
 13533 | Lair:2   | Noticed Sonja
 13829 | Orc:1    | Entered Level 1 of the Orcish Mines
 13910 | Orc:1    | Noticed an orc sorcerer
 13914 | Orc:1    | Noticed a sun demon
 13915 | Orc:1    | Killed an orc sorcerer
 14133 | Orc:1    | Found Cuvymeag's Firing Range.
 14634 | Orc:2    | Entered Level 2 of the Orcish Mines
 14769 | Orc:2    | Noticed an orc knight
 14807 | Orc:2    | Noticed an orc knight
 15023 | D:10     | Bought a book of Burglary for 340 gold pieces
 15026 | D:10     | Learned a level 2 spell: Ensorcelled Hibernation
 15248 | D:11     | Gained mutation: You have sharp fingernails. [demonic
                  | ancestry]
 15248 | D:11     | Reached XP level 12. HP: 95/95 MP: 17/25
 15455 | D:11     | Identified the +1 spear of an ossuary {flame, Stlth+}
 15810 | D:11     | Identified a scroll of acquirement
 15810 | D:11     | Acquired 842 gold pieces
 16059 | D:11     | Slain by a very large slime creature

Illustrated notes

Levels and vault maps discovered:
D:1:      mushboom_english_gardens, layout_basic, serial_curves, eino_curves_03,
          eino_curves_01, serial_shops, nicolae_shop_hallway_plus
D:2:      layout_basic, shapermc_ecumenical_altar_totnotflames,
          serial_park_tiny_1, uniq_sigmund, uniq_robin
D:3:      wad_woods_stonehenge, layout_basic,
          mainiacjoe_overflow_catwalk_spiral, overflow_temple_1_default,
          cheibrodos_sewer_entry_bend, uniq_natasha
D:4:      layout_basic, mainiacjoe_overflow_alcove_2,
          nicolae_ashenzari_skybound, uniq_duvessa
D:5:      layout_basic, nicolae_wu_jian_wuxing_cycle, uniq_edmund
D:6:      layout_rooms, roderic_filled_cross
D:7:      layout_rooms, tso_oasis_becter, lemuel_round_altar,
          minmay_temple_entry_slanted
D:8:      layout_cave_pools, lightli_temple_of_fire
D:9:      layout_roguey, mainiacjoe_overflow_catwalk
D:10:     layout_loops_ring, mainiacjoe_overflow_alcove_1, marbit_many_paths,
          zin_angel, erik_lair_island
D:11:     layout_long_grid, kb_lookout_dungeons_type
D:12:     layout_basic
Temple:   nicolae_temple_figure_zero
Lair:1:   layout_regular_city, ebering_ghost_xom, infiniplex_staircase_pool
Lair:2:   layout_regular_city, portal_ice_cave_demonic_guard,
          kennysheep_rathole, serial_bayou_shore_a, uniq_sonja
Orc:1:    layout_caves, nicolae_shop_firing_range
Orc:2:    st_orc_pillars, layout_caves, nicolae_shop_self_help

Skill      XL: |  1  2  3  4  5  6  7  8  9 10 11 |
---------------+----------------------------------+-----
Ice Magic      | 4 5 6 7 8 10 11 13 | 13.5
Spellcasting   | 3 4 6 7 8 9 |  9.6
Fighting       | 1 2 4 6 7 9 |  9.4
Dodging        | |  1.7
Stealth        | |  1.7

Action                     |  1- 3 |  4- 6 |  7- 9 | 10-12 || total
---------------------------+-------+-------+-------+-------++-------
  Melee: Dagger            |    16 |    16 |   218 |   147 ||   397
         Club              |     3 |       |       |       ||     3
         Unarmed           |       |     6 |     4 |    41 ||    51
         Punch             |       |       |     3 |     1 ||     4
  Throw: Javelin           |       |       |     6 |       ||     6
   Cast: Freeze            |    57 |    19 |    42 |    56 ||   174
         Frozen Ramparts   |     3 |    20 |    52 |    73 ||   148
         Ozocubu's Armour  |       |     2 |    21 |    38 ||    61
         Hailstorm         |       |     3 |    18 |       ||    21
         Summon Ice Beast  |       |       |    28 |    17 ||    45
 Invoke: Call Merchant     |       |       |       |     2 ||     2
    Use: Potion            |       |     1 |     6 |     3 ||    10
         Scroll            |       |     6 |     5 |    20 ||    31
   Stab: Sleeping          |       |       |     2 |       ||     2
         Distracted        |       |       |     2 |     1 ||     3
         Invisible         |       |       |     1 |       ||     1
 Armour: Robe              |     6 |    12 |   126 |   175 ||   319
         Skin              |       |       |     2 |       ||     2
  Dodge: Dodged            |    46 |    41 |   392 |   268 ||   747

Table legend: (Time is in decaauts)
 A = Elapsed time spent in this place.
 B = Non-inter-level travel time spent in this place.
 C = Inter-level travel time spent in this place.
 D = Time resting spent in this place.
 E = Time spent auto-exploring this place.
 F = Levels seen in this place.
 G = Mean time per level.
                   A        B        C        D        E       F      G
               +--------+--------+--------+--------+--------+-----+--------+
         Total |  16133 |  12542 |   3591 |   2429 |   6596 |  18 |  896.3 |
       Dungeon |  12911 |  10639 |   2272 |   1741 |   6022 |  12 | 1075.9 |
        Temple |    116 |     92 |     24 |      0 |     87 |   1 |  116.0 |
          Lair |   1760 |   1144 |    616 |    380 |    422 |   2 |  880.0 |
  Orcish Mines |   1190 |    513 |    677 |    298 |      0 |   2 |  595.0 |
         Sewer |    153 |    153 |      0 |     10 |     65 |   1 |  153.0 |
               +--------+--------+--------+--------+--------+-----+--------+

Top non-repeatable levels by time:
     D:6: 1772 daAuts
    D:10: 1524 daAuts
     D:2: 1441 daAuts
  Lair:1: 1372 daAuts
     D:1: 1337 daAuts
   Orc:1: 1171 daAuts
     D:5: 1162 daAuts
     D:9: 1102 daAuts
    D:11: 981 daAuts
     D:8: 921 daAuts
     D:7: 915 daAuts
     D:3: 894 daAuts
     D:4: 851 daAuts
  Lair:2: 388 daAuts
   Sewer: 153 daAuts
